 Dungeon Crawl Stone Soup version 0.28.0 (webtiles) character file.

Game seed: 9299550231044000252

27 blackman the Chopper (level 2, 26/26 HPs)
             Began as a Minotaur Fighter on Feb 5, 2022.
             Was a Follower of Vehumet.
             Quit the game on level 1 of the Dungeon.
             The game lasted 00:00:54 (879 turns).

blackman the Chopper (Minotaur Fighter)              Turns: 879, Time: 00:00:55

Health: 26/26      AC:  6    Str: 20    XL:     2   Next: 93%
Magic:  1/1        EV:  9    Int:  5    God:    Vehumet [*.....]
Gold:   12         SH:  4    Dex:  9    Spells: 1/1 levels left

rFire   . . .      SeeInvis .   a - +0 war axe
rCold   . . .      Faith    .   c - +0 buckler
rNeg    . . .      Spirit   .   b - +0 scale mail
rPois   .          Reflect  .   (helmet restricted)
rElec   .          Harm     .   (no cloak)
rCorr   .          Rampage  .   (no gloves)
Will    .....                   (no boots)
Stlth   ..........              (no amulet)
HPRegen 0.08/turn               (no ring)
MPRegen 0.07/turn               (no ring)

@: no status effects
A: horns 2, retaliatory headbutt
a: Renounce Religion


You were on level 1 of the Dungeon.
You worshipped Vehumet.
Vehumet was aware of your devotion.
You visited 1 branch of the dungeon, and saw 1 of its levels.

You collected 12 gold pieces.

Inventory:

Hand Weapons
 a - a +0 war axe (weapon)
Armour
 b - a +0 scale mail (worn)
 c - a +0 buckler (worn)
Potions
 d - a potion of might
 e - a potion of lignification {unknown}
 f - a potion of brilliance {unknown}


   Skills:
 - Level 3.6 Fighting
 + Level 4.2 Axes
 - Level 3.6 Armour
 - Level 3.6 Shields


You had one spell level left.
You didn't know any spells.
Your spell library contained the following spells:

 Spells                   Type           Power      Damage    Failure   Level
 Sandblast                Erth           0%         2d4       89%         1
 Sting                    Tmut/Pois      0%         1d3       89%         1
 Poisonous Vapours        Pois/Air       0%         N/A       96%         2
 Olgreb's Toxic Radiance  Pois           0%         N/A       100%        4


Dungeon Overview and Level Annotations

Branches:
Dungeon (1/15)

Altars:
Vehumet


Innate Abilities, Weirdness & Mutations

You have a pair of horns on your head.
You reflexively headbutt those who attack you in melee.


Message History

No target in view!
No target in view!
No target in view!
You see here a quokka corpse.
There is a stone staircase leading down here.
There is a stone staircase leading down here.
You open the door.
There is an open door here.
You open the door.
Found a stone staircase leading down.
Found a whip.
There is an open door here.
No target in view!
No target in view!
No target in view!
No target in view!
There is an open door here.
There is an open door here.
Key pressed, stopping explore.
Found a faded altar of an unknown god.
You see here a +0 robe.
You see here a +0 club.
Done exploring.
No target in view!
No target in view!
No target in view!
Done exploring.
You see here a +0 club.
You see here 25 arrows.
There is a faded altar of an unknown god here.
You cannot tell which god this altar belongs to.
Convert to them anyway?
Vehumet accepts your prayer! Vehumet welcomes you!
You can now gain magical power from killing.
Vehumet offers you knowledge of Sandblast.
Are you sure you want to abandon this character and quit the game? (Confirm with "yes".)
Okay, then.
Are you sure you want to abandon this character and quit the game? (Confirm with "yes".)
Okay, then.
Are you sure you want to abandon this character and quit the game? (Confirm with "yes".)

#.......# #.# #..
######.#####.#####.# ##.
#...............##.### #.
#.#############......###.
#..#.P.#P#.P.#..##.#.#...
#..#.#.#.#.#.#...#.#.#.#.
#########...P...P.PP.P...#.....#.
.......#...#.#.#.#.#.#...###.####
.#####.....#...#@#...#.......# #
.#####.##..#.#.#.#.#.#...##### ##
.##......................# #.
.##.#......#.#.#P#.#.#..(# #.
.......#...#...#.#...#..## #.
###.#.##..#############.### #.
#.#.##..[...............# #.
###.#.#####...)..#.....#..# #.
.......####......#...#.#..######.


There were no monsters in sight!

Vanquished Creatures
  A dart slug (D:1)
  4 ball pythons (D:1)
  3 bats (D:1)
  2 endoplasms (D:1)
  A giant cockroach (D:1)
  A goblin (D:1)
  3 hobgoblins (D:1)
  2 quokkas (D:1)
  4 frilled lizards (D:1)
  4 rats (D:1)
25 creatures vanquished.

Vanquished Creatures (others)
  3 plants (D:1)
3 creatures vanquished.

Grand Total: 28 creatures vanquished

Notes
Turn   | Place    | Note
-------+----------+-------------------------------------------
     0 | D:1      | blackman the Minotaur Fighter began the quest for the Orb.
     0 | D:1      | Reached XP level 1. HP: 19/19 MP: 0/0
    91 | D:1      | Reached skill level 3 in Axes
   105 | D:1      | Reached XP level 2. HP: 26/26 MP: 1/1
   334 | D:1      | Reached skill level 4 in Axes
   741 | D:1      | Found a faded altar of an unknown god.
   878 | D:1      | Prayed at the altar of an unknown god.
   878 | D:1      | Became a worshipper of Vehumet
   878 | D:1      | Reached * piety under Vehumet
   878 | D:1      | Offered knowledge of Sandblast by Vehumet.
   879 | D:1      | Quit the game

Illustrated notes

Levels and vault maps discovered:
D:1:      dpeg_arrival_connections, layout_loops_cross,
          shapermc_ecumenical_altar_mp_urbaneastern, roderic_malta_cross

Skill      XL: |  1  2 |
---------------+-------+-----
Axes           | 3 4 |  4.2
Fighting       | |  3.6
Armour         | |  3.6
Shields        | |  3.6

Action                   || total
-------------------------++-------
Melee: War axe           ||    55
       Headbutt          ||     3
Armor: Scale mail        ||    30
Dodge: Dodged            ||    19
Block: Buckler           ||    14
